 Dungeon Crawl Stone Soup version 0.26.1-2-gb8aa6d0cf2 (webtiles) character file.

Game seed: 17495583975752325391

637 hawla the Conjurer (level 7, -6/36 HPs)
             Began as a Deep Elf Conjurer on Feb 15, 2021.
             Mangled by Duvessa
             ... wielding a +0 short sword
              (16 damage)
             ... on level 4 of the Dungeon.
             The game lasted 00:09:03 (4715 turns).

hawla the Conjurer (Deep Elf Conjurer)              Turns: 4715, Time: 00:09:03

Health: -6/36      AC:  0    Str:  4    XL:     7   Next: 25%
Magic:  10/16      EV: 15    Int: 25    God:
Gold:   193        SH:  0    Dex: 13    Spells: 9/16 levels left

rFire    . . .     SeeInvis .   (weapon currently unavailable)
rCold    . . .     Faith    .   (shield currently unavailable)
rNeg     . . .     Spirit   .   (armour currently unavailable)
rPois    .         Reflect  .   (helmet currently unavailable)
rElec    .         Harm     .   (cloak currently unavailable)
rCorr    .         Rampage  .   (gloves currently unavailable)
Will     .....                  (boots currently unavailable)
Stlth    ++........             (no amulet)
HPRegen  0.12/turn              (ring currently unavailable)
MPRegen  0.15/turn              (ring currently unavailable)

@: about to teleport, pig-form, very quick
A: small
a: no special abilities


You were on level 4 of the Dungeon.
You were a filthy swine.
You visited 1 branch of the dungeon, and saw 4 of its levels.

You collected 193 gold pieces.

Inventory:

Hand Weapons
 c - a +1 whip of electrocution (melded)
Armour
 a - a +0 robe (melded)
 g - a +0 buckler
Jewellery
 b - a ring of flight (melded)
 o - a ring of see invisible (melded)
Scrolls
 d - a scroll of fog
 f - a scroll of teleportation
 l - a scroll of remove curse
 m - a scroll of immolation {unknown}
 n - 2 scrolls of amnesia {unknown}
Potions
 e - a potion of invisibility
 h - a potion of curing {unknown}
 i - 2 potions of lignification
 j - 2 potions of might {unknown}
 k - 3 potions of degeneration {unknown}


   Skills:
 - Level 0.1 Fighting
 - Level 3.0 Dodging
 - Level 3.0 Stealth
 + Level 2.0 Shields
 + Level 5.2 Spellcasting
 * Level 6.5 Conjurations
 + Level 2.6 Translocations
 + Level 3.4 Fire Magic
 - Level 0.1 Evocations


You had 9 spell levels left.
You knew the following spells:

 Your Spells              Type           Power        Failure   Level
a - Magic Dart            Conj           100%         1%          1
b - Searing Ray           Conj           78%          1%          2
c - Iskenderun's Mystic   Conj/Tloc      29%          12%         4

Your spell library contained the following spells:

 Spells                   Type           Power        Failure   Level
 Dazzling Flash           Conj/Hex       46%          6%          3
 Gell's Gravitas          Tloc           9%           9%          3
 Fulminant Prism          Conj/Hex       11%          21%         4
 Confusing Touch          Hex            6%           24%         3
 Petrify                  Tmut/Erth      6%           63%         4
 Metabolic Englaciation   Hex/Ice        3%           92%         5
 Yara's Violent Unravell  Hex/Tmut       3%           92%         5


Dungeon Overview and Level Annotations

Branches:
Dungeon (4/15)
 Temple: D:4-7

Altars:
Kikubaaqudgha
Nemelex Xobeh
Okawaru

Annotations:
D:3 3 runed translucent doors, Hehehe's ghost, amateur DDFi
D:4 Duvessa


Message History

Duvessa, Sister of Dowan comes into view.
She is wielding a +0 short sword.
Your Shields skill increases to level 2!
Unknown command.
You can't do that in your present form.
Duvessa goes berserk!
The searing ray hits Duvessa.
Duvessa is lightly wounded.
You finish channeling your searing ray.
Duvessa closely misses you. Duvessa hits you with a +0 short sword!
Duvessa hits you with a +0 short sword.
You can't do that in your present form.
Unknown command.
Duvessa is nearby!
You can't do that in your present form.
Unknown command.
Duvessa hits you with a +0 short sword!
* * * LOW HITPOINT WARNING * * *
Your magical contamination has completely faded away.
As you read the scroll of teleportation, it crumbles to dust.
You feel strangely unstable. Duvessa hits you with a +0 short sword!
You die...

### ###
##########.#############.#
#........................# #.#
######h#############.# #.# #e#
#.# #.# #.# #### #.# #.# #.. ..#
#.## #######.# #)# #.# #...
........########.######.#########
.................................
##########......<.....#.###......
.............#.)###.#.# ##.....


You could see Duvessa (berserk).

Vanquished Creatures
  Grinder (D:3)
  Dowan (D:4)
  3 wights (D:3)
  A howler monkey (D:4)
  An orc priest (D:2)
  A worker ant (D:4)
  Robin (D:3)
  4 gnolls (D:2)
  4 adders
  An ooze (D:3)
  2 worms (D:2)
  3 dart slugs
  2 leopard geckos (D:2)
  3 orcs
  4 ball pythons
  5 bats
  3 giant cockroaches
  9 hobgoblins
  2 quokkas (D:2)
  2 frilled lizards (D:1)
  12 goblins
  8 kobolds
  7 rats
80 creatures vanquished.

Notes
Turn   | Place    | Note
-------+----------+-------------------------------------------
     0 | D:1      | hawla the Deep Elf Conjurer began the quest for the Orb.
     0 | D:1      | Reached XP level 1. HP: 10/10 MP: 6/6
   294 | D:1      | Reached XP level 2. HP: 15/15 MP: 5/8
   298 | D:1      | Learned a level 2 spell: Searing Ray
  1237 | D:2      | Reached skill level 1 in Fire Magic
  1279 | D:2      | Reached XP level 3. HP: 19/19 MP: 2/9
  1458 | D:2      | Reached skill level 5 in Conjurations
  1458 | D:2      | Reached XP level 4. HP: 24/24 MP: 5/11
  1519 | D:2      | Learned a level 4 spell: Iskenderun's Mystic Blast
  2454 | D:2      | Reached XP level 5. HP: 28/28 MP: 9/13
  2737 | D:3      | Reached skill level 1 in Translocations
  2912 | D:3      | Reached skill level 1 in Shields
  3206 | D:3      | Noticed Robin
  3209 | D:3      | Killed Robin
  3210 | D:3      | Reached XP level 6. HP: 30/32 MP: 5/14
  3556 | D:3      | Found a runed translucent gate.
  3556 | D:3      | Found a runed translucent gate.
  3556 | D:3      | Found a runed translucent gate.
  3557 | D:3      | Noticed Hehehe's ghost (amateur DDFi)
  3560 | D:3      | Noticed Grinder
  3571 | D:3      | Killed Grinder
  3572 | D:3      | Reached skill level 5 in Spellcasting
  3572 | D:3      | Reached skill level 6 in Conjurations
  3572 | D:3      | Reached XP level 7. HP: 36/36 MP: 6/16
  3667 | D:3      | Found an ancient bone altar of Kikubaaqudgha.
  3774 | D:3      | Found a sparkling altar of Nemelex Xobeh.
  4497 | D:4      | Found an iron altar of Okawaru.
  4706 | D:4      | Noticed Dowan
  4710 | D:4      | Killed Dowan
  4710 | D:4      | Noticed Duvessa
  4715 | D:4      | Mangled by Duvessa

Illustrated notes

Levels and vault maps discovered:
D:1:      lightli_arrival_flooded_house, layout_loops_ring,
          chequers_serial_rivers_small_a, minmay_misc_feat_five
D:2:      layout_basic
D:3:      layout_basic, gammafunk_temple_overflow_pools, serial_aquarium,
          aquarium_bridge_straight [aquarium_subvault_bridge,
          aquarium_subvault_window, aquarium_subvault_bridge,
          aquarium_subvault_wall], aquarium_bridge_long_joined
          [aquarium_subvault_bridge, aquarium_subvault_wall,
          aquarium_subvault_window, aquarium_subvault_window,
          aquarium_subvault_bridge, aquarium_subvault_bridge],
          aquarium_window_corner, aquarium_window_fake, aquarium_window_3,
          aquarium_view_2d, aquarium_balcony_double_1,
          gammafunk_ghost_necromancy, uniq_robin, uniq_grinder
D:4:      layout_basic, okawaru_ov_weapons_minmay, tgw_fedhas, uniq_duvessa,
          uniq_natasha

Skill      XL: |  1  2  3  4  5  6  7 |
---------------+----------------------+-----
Fire Magic     | 1 2 3 |  3.4
Dodging        | 3 |  3.0
Stealth        | 3 |  3.0
Conjurations   | 5 6 |  6.5
Spellcasting   | 4 5 |  5.2
Translocations | 1 2 |  2.6
Shields        | 1 2 |  2.0
Fighting       | |  0.1
Evocations     | |  0.1

Action                   |  1- 3 |  4- 6 |  7- 9 || total
-------------------------+-------+-------+-------++-------
Melee: Whip              |     2 |     3 |       ||     5
 Cast: Magic Dart        |    35 |    14 |     2 ||    51
       Searing Ray       |    11 |    26 |     7 ||    44
       Iskenderun's Myst |       |     3 |       ||     3
  Use: Scroll            |     2 |     3 |     1 ||     6
Armor: Robe              |     2 |     1 |       ||     3
Dodge: Dodged            |     8 |    11 |     4 ||    23
